 Dungeon Crawl Stone Soup version 0.31-a0-167-g1c394c0614 (webtiles) character file.

Game seed: 12138972746772277332

100478 qw the Marksgargoyle (level 16, 0/106 HPs)
             Began as a Gargoyle Hunter on June 14, 2023.
             Was an Elder of Okawaru.
             Incinerated by a sun moth (7 damage)
             ... with a sticky flame
             ... on level 1 of the Spider Nest.
             The game lasted 00:08:04 (20457 turns).

qw the Marksgargoyle (Gargoyle Hunter)             Turns: 20457, Time: 00:08:04

Health: 0/106      AC: 27    Str: 24    XL:     16   Next: 27%
Magic:  23/23      EV: 24    Int:  6    God:    Okawaru [****..]
Gold:   2516       SH:  0    Dex: 25    Spells: 15/15 levels left

rFire   . . .        v - +27 heavy crossbow "Sniper" {heavy, Acc+∞ SInv}
rCold   + + .        (shield currently unavailable)
rNeg    + . .        n - +0 troll leather armour
rPois   inf          t - +0 helmet "Donny" {rElec rC+ Str+5 Int-5}
rElec   +            r - +1 cloak "Yllur" {rC+ Str+3}
rCorr   .            j - +2 pair of gloves
SInv    +            k - +0 pair of boots
Will    ++...        m - amulet of regeneration
Stlth   ++           u - ring of willpower
HPRegen 1.97/turn    s - +6 ring of dexterity
MPRegen 0.18/turn

%: no passive effects
@: on fire, heroic, flying, glowing
A: sickness immunity, AC +12, big wings, negative energy resistance 1,
electricity resistance, torment resistance 1, petrification resistance
a: Renounce Religion, Heroism, Finesse


You were on level 1 of the Spider Nest.
You worshipped Okawaru.
Okawaru was greatly pleased with you.
You visited 5 branches of the dungeon, and saw 25 of its levels.
You also visited: Gauntlet.

You collected 3335 gold pieces.
You spent 819 gold pieces at shops.


Innate Abilities, Weirdness & Mutations

You are immune to sickness and miasma.
Your stone body is resilient. (AC +12)
You are immune to poison.
Your large and strong wings let you fly.
You resist negative energy. (rN+)
You are resistant to electric shocks. (rElec)
You are resistant to unholy torment.
You are immune to petrification.


   Skills:
 - Level 14.0(19.0) Fighting
 + Level 20.8(25.8) Ranged Weapons
 - Level 8.0(13.0) Armour
 - Level 9.0(14.0) Dodging
 - Level 1.1(6.1) Stealth
 - Level 10.0 Invocations


You had 15 spell levels left.
You didn't know any spells.
Your spell library was empty.

Inventory:

Hand Weapons
 v - the +27 heavy crossbow "Sniper" (weapon) {heavy, Acc+∞ SInv}
   (Okawaru gifted it to you on level 5 of the Lair of Beasts)

   Acc+∞: It never misses its target.
   SInv:      It lets you see invisible.
 y - a +2 arbalest of freezing
Armour
 j - a +2 pair of gloves (worn)
 k - a +0 pair of boots (worn)
 l - +0 acid dragon scales
 n - a +0 troll leather armour (worn)
 r - the +1 cloak "Yllur" (worn) {rC+ Str+3}
   (You bought it in a shop on level 7 of the Dungeon)

   Str:       It affects your strength (+3).
   rC:        It protects you from cold.
 t - the +0 helmet "Donny" (worn) {rElec rC+ Str+5 Int-5}
   (You acquired it on level 1 of the Lair of Beasts)

   Str:       It affects your strength (+5).
   Int:       It affects your intelligence (-5).
   rC:        It protects you from cold.
   rElec:     It insulates you from electricity.
 z - a scarf of resistance
 C - the +1 robe of Free Will {rF+}
   (You bought it in a shop on level 2 of the Orcish Mines)

   rF:        It protects you from fire.
Jewellery
 b - a ring of ice
 m - an amulet of regeneration (around neck)
 q - a ring of positive energy
 s - a +6 ring of dexterity (right hand)
 u - a ring of willpower (left hand)
Wands
 w - a wand of digging (7)
Scrolls
 a - 4 scrolls of identify
 c - 3 scrolls of teleportation
 o - 3 scrolls of enchant weapon
Potions
 d - 2 potions of lignification
 e - 3 potions of attraction
 f - 7 potions of might
 g - 5 potions of curing
 h - 3 potions of haste
 i - a potion of cancellation
 p - 2 potions of magic
 x - a potion of mutation
 B - a potion of resistance

Dungeon Overview and Level Annotations

Branches:
Dungeon (15/15)            Temple (1/1) D:6            Lair (5/5) D:8
  Swamp (0/4) Lair:2       Spider (2/4) Lair:3        Slime (0/5) Lair:4
    Orc (2/2) D:10            Elf (0/3) Orc:2        Vaults (0/5) D:14
 Depths (0/4) D:15        Gauntlet (visited)

Altars:
Ashenzari
Cheibriados
Dithmenos
Elyvilon
Fedhas
Gozag
Hepliaklqana
Kikubaaqudgha
Makhleb
Nemelex Xobeh
Okawaru
Qazlal
Ru
Sif Muna
Trog
Uskayaw
Vehumet
Wu Jian
Xom
Yredelemnul
Zin
The Shining One
Jiyva

Shops:
D:2 (   D:7 [   D:13 :   Orc:2 ((:([

Annotations:
D:8 3 runed translucent doors, qw's ghost, novice GrFi
Lair:4 3 runed translucent doors, qw's ghost, journeyman NaHu


Message History

The culicivora bites you but does no damage.
The wolf spider hits you but does no damage.
The wolf spider barely misses you.
You fly upwards.
There is a stone staircase leading down here.
You shoot a bolt. The bolt hits Nikola!!!!
You kill Nikola!
Okawaru is honoured by your kill. The culicivora barely misses you.
The wolf spider hits you but does no damage.
The wolf spider closely misses you. The sun moth throws energy at you.
The bolt of energy hits you!! The culicivora completely misses you.
The wolf spider misses you. x2; The sun moth misses you.
The culicivora bites you! The wolf spider completely misses you.
The wolf spider closely misses you.
20454 ||| READING 4 scrolls of teleportation.
As you read the scroll of teleportation, it crumbles to dust.
You feel strangely unstable. The sun moth completely misses you.
The culicivora closely misses you. The wolf spider completely misses you.
The wolf spider closely misses you. The sun moth completely misses you.
You shoot a bolt. The bolt hits the wolf spider!!!
You kill the wolf spider!
Okawaru accepts your kill. The culicivora barely misses you.
The culicivora completely misses you. The sun moth closely misses you.
The culicivora misses you. The sun moth throws sticky fire at you.
The sticky flame hits you but does no damage.
You are covered in liquid flames!
You shoot a bolt. The bolt hits the sun moth!!!
The sun moth is heavily wounded.
You are covered in liquid flames!
Your surroundings suddenly seem different.
Enter note:
Enter note:
Enter note: You are on fire!
You are covered in liquid flames!
You die...

#..#..####..........#########~~##
#.....##.##.#..#.####...# ###~~##
##..###...###..###.?#...###..#~~#
###..~#...#.##..##..>.#..##^..#.~
#...##..#....######..##.....#....
...##...##.#....#########...##.#.
...#..######.....## #########
#####..##..##.#...### ##.#####
##....####..####@.#.######^..#...
#....####!.....#.....^#.#........
#..####.####...###.#.......#..##.
##..#....#^..#...#####.#.########
#......#....###....# ##### #
##^...##..#######..# #
####.###### #....## #^.###..#
##...## .......######.).##


There were no monsters in sight!

Vanquished Creatures
  Nikola (Spider:1)
  An emperor scorpion (Spider:1)
  4 ghost moths
  A broodmother (Spider:1)
  A spark wasp (shapeshifter) (D:15)
  A minotaur (Gauntlet)
  Josephine (D:15)
  5 hydras
  An ogre mage (D:14)
  4 boulder beetles
  A jorogumo (Spider:2)
  A death knight (D:14)
  2 centaur warriors
  2 catoblepae
  6 two-headed ogres
  A deep troll shaman (Lair:5)
  16 death yaks
  4 orc high priests (Orc:2)
  A tengu warrior (D:13)
  2 demonic crawlers (Spider:1)
  2 skysharks
  A skeletal warrior (D:14)
  2 pharaoh ants (Spider:2)
  Lodul (D:14)
  A wizard (D:15)
  A deep elf archer (D:14)
  3 deep elf pyromancers (D:14)
  3 steelbarb worms
  2 bog bodies (Lair:2)
  6 wolf spiders
  11 ugly things
  2 orc knights (D:15)
  2 manticores
  2 orc sorcerers
  A moth of wrath (Gauntlet)
  2 black mambas
  7 elephants
  8 cyclopes
  A gargoyle (D:11)
  3 torpor snails
  5 cane toads
  4 centaur skeletons (D:14)
  A kobold demonologist (D:12)
  7 komodo dragons
  2 rime drakes
  A tengu conjurer (D:13)
  4 trolls
  A tyrant leech (Gauntlet)
  4 polar bears
  A hornet (D:10)
  5 tarantellas
  14 blink frogs
  6 slime creatures
  3 water elementals (D:12)
  6 jumping spiders
  6 wraiths
  4 culicivoras
  A vampire (D:12)
  47 yaks
  4 shadows
  4 wyverns
  7 basilisks
  A human (shapeshifter) (D:13)
  9 redbacks
  5 swamp worms (Gauntlet)
  3 wargs (Orc:1)
  3 acid dragons
  A two-headed ogre zombie (D:10)
  20 water moccasins
  An ice beast (D:6)
  20 orc warriors
  A black bear (D:8)
  2 sky beasts
  A boggart (D:14)
  10 centaurs
  34 wolves
  14 ogres
  2 phantoms (D:10)
  5 kobold brigands
  17 bullfrogs
  4 scorpions
  4 wights (D:9)
  A troll zombie (D:10)
  A howler monkey (D:5)
  7 electric eels
  7 hounds
  31 orc priests
  A sleepcap (D:8)
  6 jellies
  2 iguanas
  31 orc wizards
  6 ogre zombies (D:10)
  9 adders
  8 gnolls
  2 shadow imps
  12 white imps (Lair:4)
  2 dart slugs
  74 orcs
  9 ball pythons
  5 endoplasms
  3 giant cockroaches
  4 goblins
  7 hobgoblins
  2 jackals (D:3)
  21 kobolds
  A quokka (D:1)
  5 bats
  2 frilled lizards (D:1)
  A goblin skeleton (D:10)
  4 goblin zombies (D:10)
  A hobgoblin skeleton (D:10)
  A hobgoblin zombie (D:10)
  4 orc skeletons (D:10)
  14 orc zombies (D:10)
  5 rats
700 creatures vanquished.

Vanquished Creatures (others)
  A two-headed ogre (D:14)
1 creature vanquished.

Grand Total: 701 creatures vanquished

Notes
Turn   | Place    | Note
-------+----------+-------------------------------------------
     0 | D:1      | qw the Gargoyle Hunter began the quest for the Orb.
     0 | D:1      | Reached XP level 1. HP: 12/12 MP: 1/1
     0 | D:1      | 0 ||| qw: Version: 0.2-a-29-g1fa15c8
     0 | D:1      | 0 ||| qw: Game counter: 5157
     0 | D:1      | 0 ||| qw: Always use a shield: true
     0 | D:1      | 0 ||| qw: God list: Okawaru
     0 | D:1      | 0 ||| qw: Allow faded altars: false
     0 | D:1      | 0 ||| qw: Do Orc after D:15 true
     0 | D:1      | 0 ||| qw: Do second Lair branch before Depths: true
     0 | D:1      | 0 ||| qw: Lair rune preference: random
     0 | D:1      | 0 ||| qw: Plans: Normal, Zot:1-4, Slime:5, God:TSO, Crypt,
                  | Tomb, Abyss, Pan, Hells, Win
     0 | D:1      | 0 ||| PLANNING D:1-11
   106 | D:1      | Reached XP level 2. HP: 17/17 MP: 2/2
   711 | D:1      | 711 ||| READING 3 scrolls labelled TUEH LUZXA.
   712 | D:1      | 712 ||| READING 2 scrolls of identify.
   712 | D:1      | 712 ||| IDENTIFYING purple potion
   713 | D:1      | 713 ||| DROPPING scroll of butterflies.
   764 | D:2      | Found Maoh's Weapon Emporium.
   772 | D:2      | Reached XP level 3. HP: 9/21 MP: 3/3
   772 | D:2      | 772 ||| STAIRDANCE
   831 | D:2      | 831 ||| SHOPLISTING +0 longbow (71 gold, have 47).
   860 | D:2      | Reached skill level 5 in Ranged Weapons
   962 | D:2      | Reached skill level 3 in Fighting
  1108 | D:2      | Reached XP level 4. HP: 28/28 MP: 4/4
  1299 | D:2      | 1299 ||| UPGRADING to +0 pair of gloves.
  1304 | D:2      | 1304 ||| UPGRADING to +0 ring mail.
  1314 | D:2      | 1314 ||| DROPPING +0 leather armour.
  1315 | D:2      | 1315 ||| READING scroll labelled FAUHUM QAPPABI.
  1316 | D:2      | 1316 ||| READING scroll labelled BIXTARPH CORAWE.
  1317 | D:2      | 1317 ||| READING scroll labelled RIGO DIDYUPAI.
  1318 | D:2      | 1318 ||| DRINKING 2 clear potions.
  1394 | D:2      | 1394 ||| READING 2 scrolls of identify.
  1394 | D:2      | 1394 ||| IDENTIFYING metallic brown potion
  1446 | D:3      | Reached skill level 1 in Armour
  1586 | D:3      | Reached XP level 5. HP: 32/32 MP: 5/5
  1863 | D:3      | You fall into a shaft and drop 3 floors!
  1884 | D:6      | Reached skill level 6 in Ranged Weapons
  1914 | D:6      | Noticed a sky beast
  1924 | D:6      | Killed a sky beast
  1925 | D:6      | Reached XP level 6. HP: 35/39 MP: 6/6
  1942 | D:6      | 1942 ||| Stepping ~*~*~tactically~*~*~ (water).
  2030 | D:6      | Reached skill level 7 in Ranged Weapons
  2030 | D:6      | Reached XP level 7. HP: 16/44 MP: 7/7
  2315 | D:6      | 2315 ||| UPGRADING to +0 ring mail of willpower.
  2325 | D:6      | 2325 ||| DROPPING +0 ring mail.
  2326 | D:6      | 2326 ||| UPGRADING to ring of positive energy.
  2327 | D:6      | 2327 ||| READING 2 scrolls labelled XUUL BADEOMN.
  2332 | D:6      | 2332 ||| READING scroll labelled VUINIRIHUO.
  2352 | D:5      | Entered Level 5 of the Dungeon
  2527 | D:4      | 2527 ||| UPGRADING to +0 pair of boots.
  2532 | D:4      | 2532 ||| READING scroll labelled LEUQIMM UZOWOJAA.
  2532 | D:4      | Identified a scroll of acquirement
  2532 | D:4      | 2532 ||| ACQUIRING +1 arbalest of freezing
  2532 | D:4      | Acquired a +1 arbalest of freezing
  2534 | D:4      | 2534 ||| UPGRADING to +1 arbalest of freezing.
  2535 | D:4      | 2535 ||| DROPPING +1 shortbow.
  2889 | D:4      | Found a hazy altar of Hepliaklqana.
  2906 | D:4      | 2906 ||| UPGRADING to ring of willpower.
  3566 | D:4      | 3566 ||| UPGRADING to +3 leather armour.
  3576 | D:4      | 3576 ||| DROPPING +0 ring mail of willpower.
  3577 | D:4      | 3577 ||| READING scroll labelled FEYGAERUMIDE.
  3745 | D:5      | Identified the +8 mace of Dissent {protect, rN+ Will-
                  | Str+3}
  3794 | D:5      | Reached skill level 8 in Ranged Weapons
  3961 | D:5      | 3961 ||| READING scroll of enchant weapon.
  3961 | D:5      | 3961 ||| ENCHANTING +1 arbalest of freezing.
  4203 | D:5      | Reached XP level 8. HP: 48/48 MP: 8/8
  4622 | D:5      | 4622 ||| UPGRADING to ring of willpower.
  4624 | D:5      | 4624 ||| READING scroll labelled GONUOW AZXA.
  5018 | D:6      | 5018 ||| FLEEEEING.
  5019 | D:6      | 5019 ||| FLEEEEING.
  5020 | D:6      | 5020 ||| FLEEEEING.
  5022 | D:6      | 5022 ||| FLEEEEING.
  5024 | D:6      | 5024 ||| FLEEEEING.
  5025 | D:6      | 5025 ||| FLEEEEING.
  5026 | D:6      | 5026 ||| FLEEEEING.
  5027 | D:6      | 5027 ||| FLEEEEING.
  5028 | D:6      | 5028 ||| FLEEEEING.
  5029 | D:6      | 5029 ||| FLEEEEING.
  5031 | D:6      | 5031 ||| FLEEEEING.
  5032 | D:6      | 5032 ||| FLEEEEING.
  5033 | D:6      | 5033 ||| FLEEEEING.
  5036 | D:6      | 5036 ||| FLEEEEING.
  5037 | D:6      | 5037 ||| FLEEEEING.
  5038 | D:6      | 5038 ||| FLEEEEING.
  5039 | D:6      | 5039 ||| FLEEEEING.
  5042 | D:6      | 5042 ||| FLEEEEING.
  5043 | D:6      | 5043 ||| FLEEEEING.
  5044 | D:6      | 5044 ||| FLEEEEING.
  5045 | D:6      | 5045 ||| FLEEEEING.
  5173 | D:6      | Found a staircase to the Ecumenical Temple.
  5174 | D:6      | 5174 ||| PLANNING TEMPLE
  5180 | Temple   | Entered the Ecumenical Temple
  5206 | Temple   | 5206 ||| PLANNING OKAWARU WORSHIP
  5426 | Temple   | Became a worshipper of Warmaster Okawaru
  5427 | Temple   | 5427 ||| PLANNING D:1-11
  5801 | D:7      | Noticed a wyvern
  5806 | D:7      | Killed a wyvern
  5807 | D:7      | Reached skill level 9 in Ranged Weapons
  5852 | D:7      | Noticed a wyvern
  5859 | D:7      | Killed a wyvern
  5860 | D:7      | Reached skill level 6 in Fighting
  6163 | D:7      | 6163 ||| READING scroll of enchant armour.
  6163 | D:7      | 6163 ||| ENCHANTING +0 pair of gloves.
  6243 | D:7      | Found Menieveg's Armour Shoppe.
  6252 | D:7      | 6252 ||| BUYING +0 robe of fire resistance (84 gold).
  6252 | D:7      | Bought a +0 robe of fire resistance for 84 gold pieces
  6252 | D:7      | 6252 ||| BUYING +1 cloak "Yllur" {rC+ Str+3} (327 gold).
  6252 | D:7      | Bought the +1 cloak "Yllur" {rC+ Str+3} for 327 gold pieces
  6252 | D:7      | 6252 ||| SHOPLISTING +2 hat of Qiahaocace {rCorr Dex+2}
                  | (338 gold, have 66).
  6506 | D:7      | 6506 ||| UPGRADING to +1 cloak "Yllur" {rC+ Str+3}.
  6511 | D:7      | 6511 ||| UPGRADING to +6 ring of dexterity.
  6513 | D:7      | 6513 ||| DROPPING ring of willpower.
  6646 | D:8      | Reached skill level 3 in Dodging
  6646 | D:8      | Reached XP level 9. HP: 32/55 MP: 9/9
  6647 | D:8      | Reached skill level 10 in Ranged Weapons
  6647 | D:8      | Reached * piety under Okawaru
  6648 | D:8      | 6648 ||| INVOKING Heroism.
  6649 | D:8      | 6649 ||| INVOKING Heroism.
  6659 | D:8      | 6659 ||| FLEEEEING.
  6660 | D:8      | 6660 ||| FLEEEEING.
  6746 | D:8      | Reached skill level 1 in Invocations
  6763 | D:8      | 6763 ||| INVOKING Heroism.
  6902 | D:8      | Found a staircase to the Lair.
  6952 | D:8      | Noticed a two-headed ogre
  6953 | D:8      | 6953 ||| INVOKING Heroism.
  6957 | D:8      | Reached skill level 3 in Invocations
  6958 | D:8      | Killed a two-headed ogre
  6958 | D:8      | Reached ** piety under Okawaru
  6980 | D:8      | Noticed a two-headed ogre
  6985 | D:8      | 6985 ||| INVOKING Heroism.
  7012 | D:8      | Reached XP level 10. HP: 58/63 MP: 13/13
  7031 | D:8      | Reached skill level 11 in Ranged Weapons
  7072 | D:8      | 7072 ||| INVOKING Heroism.
  7116 | D:8      | Found a runed translucent gate.
  7116 | D:8      | Found a runed translucent gate.
  7116 | D:8      | Found a runed translucent gate.
  7119 | D:8      | Noticed a kobold demonologist
  7120 | D:8      | Noticed qw's ghost (novice GrFi)
  7228 | D:8      | 7228 ||| INVOKING Heroism.
  7234 | D:8      | Killed a two-headed ogre
  7323 | D:8      | 7323 ||| DRINKING 2 fizzy amethyst potions.
  7324 | D:8      | 7324 ||| PLANNING LAIR
  7324 | D:8      | 7324 ||| READING 2 scrolls of identify.
  7324 | D:8      | 7324 ||| IDENTIFYING ruby potion
  7363 | Lair:1   | Entered Level 1 of the Lair of Beasts
  7366 | Lair:1   | Noticed a cane toad
  7367 | Lair:1   | 7367 ||| INVOKING Heroism.
  7371 | Lair:1   | Killed a cane toad
  7383 | Lair:1   | 7383 ||| READING scroll of acquirement.
  7383 | Lair:1   | 7383 ||| ACQUIRING +0 helmet "Donny" {rElec rC+ Str+5
                  | Int-5}
  7383 | Lair:1   | Acquired the +0 helmet "Donny" {rElec rC+ Str+5 Int-5}
  7385 | Lair:1   | 7385 ||| UPGRADING to +0 helmet "Donny" {rElec rC+ Str+5
                  | Int-5}.
  7510 | Lair:1   | Noticed a torpor snail
  7510 | Lair:1   | Noticed an elephant
  7510 | Lair:1   | Noticed an elephant
  7510 | Lair:1   | Noticed an elephant
  7510 | Lair:1   | Noticed an elephant
  7511 | Lair:1   | 7511 ||| INVOKING Heroism.
  7513 | Lair:1   | 7513 ||| Stepping ~*~*~tactically~*~*~ (outnumbered).
  7521 | Lair:1   | Killed an elephant
  7523 | Lair:1   | Killed an elephant
  7523 | Lair:1   | Reached *** piety under Okawaru
  7524 | Lair:1   | Reached skill level 12 in Ranged Weapons
  7529 | Lair:1   | Killed an elephant
  7532 | Lair:1   | 7532 ||| INVOKING Heroism.
  7536 | Lair:1   | Killed an elephant
  7537 | Lair:1   | Reached XP level 11. HP: 26/69 MP: 11/14
  7547 | Lair:1   | 7547 ||| INVOKING Heroism.
  7552 | Lair:1   | HP: 6/69 [torpor snail (16)]
  7553 | Lair:1   | 7553 ||| READING 4 scrolls of teleportation.
  7554 | Lair:1   | 7554 ||| DRINKING potion of heal wounds.
  7681 | Lair:1   | You fall into a shaft and drop 1 floor!
  7734 | Lair:2   | 7734 ||| INVOKING Heroism.
  7740 | Lair:2   | Reached skill level 13 in Ranged Weapons
  7809 | Lair:2   | 7809 ||| READING scroll labelled FIR QYTICLA.
  7810 | Lair:2   | 7810 ||| DRINKING 2 smoky amethyst potions.
  7811 | Lair:2   | 7811 ||| DROPPING potion of invisibility.
  7827 | Lair:1   | Reached skill level 9 in Fighting
  7842 | Lair:1   | 7842 ||| INVOKING Heroism.
  7854 | Lair:1   | 7854 ||| INVOKING Heroism.
  7920 | Lair:1   | Reached **** piety under Okawaru
  7989 | Lair:1   | 7989 ||| INVOKING Heroism.
  8385 | Lair:1   | 8385 ||| DRINKING 2 inky potions.
  8386 | Lair:1   | 8386 ||| READING 3 scrolls of identify.
  8386 | Lair:1   | 8386 ||| IDENTIFYING smoky orange potion
  8387 | Lair:1   | 8387 ||| READING 2 scrolls of identify.
  8387 | Lair:1   | 8387 ||| IDENTIFYING sedimented purple potion
  8388 | Lair:1   | 8388 ||| DROPPING potion of degeneration.
  8389 | Lair:1   | 8389 ||| DROPPING potion of ambrosia.
  8390 | Lair:1   | 8390 ||| DROPPING potion of brilliance.
  8533 | Lair:2   | Noticed a bog body
  8535 | Lair:2   | Killed a bog body
  8536 | Lair:2   | Reached skill level 6 in Invocations
  8553 | Lair:2   | 8553 ||| INVOKING Heroism.
  8651 | Lair:2   | 8651 ||| INVOKING Heroism.
  8655 | Lair:2   | Reached skill level 14 in Ranged Weapons
  8758 | Lair:2   | 8758 ||| INVOKING Heroism.
  9301 | Lair:2   | Noticed a bog body
  9309 | Lair:2   | Killed a bog body
  9310 | Lair:2   | Reached XP level 12. HP: 77/77 MP: 17/17
  9319 | Lair:2   | Found a staircase to the Swamp.
  9337 | Lair:2   | 9337 ||| INVOKING Heroism.
  9417 | Lair:2   | 9417 ||| DRINKING 2 fizzy orange potions.
  9440 | Lair:3   | Noticed a four-headed hydra
  9441 | Lair:3   | 9441 ||| INVOKING Heroism.
  9450 | Lair:3   | Killed a four-headed hydra
  9455 | Lair:3   | Reached skill level 6 in Dodging
  9536 | Lair:3   | 9536 ||| INVOKING Heroism.
  9651 | Lair:3   | Noticed a death yak
  9651 | Lair:3   | Noticed a death yak
  9652 | Lair:3   | 9652 ||| INVOKING Heroism.
  9654 | Lair:3   | Noticed a death yak
  9655 | Lair:3   | Killed a death yak
  9658 | Lair:3   | Noticed a death yak
  9658 | Lair:3   | Noticed a death yak
  9662 | Lair:3   | Killed a death yak
  9663 | Lair:3   | Reached skill level 9 in Invocations
  9667 | Lair:3   | Reached ***** piety under Okawaru
  9668 | Lair:3   | 9668 ||| INVOKING Finesse.
  9676 | Lair:3   | Killed a death yak
  9681 | Lair:3   | Killed a death yak
  9686 | Lair:3   | Killed a death yak
  9709 | Lair:3   | 9709 ||| INVOKING Heroism.
  9954 | Lair:3   | Found a hole to the Spider Nest.
  9979 | Lair:3   | 9979 ||| INVOKING Heroism.
 10063 | Lair:3   | Reached skill level 15 in Ranged Weapons
 10485 | Lair:3   | 10485 ||| UPGRADING to amulet of regeneration.
 10539 | Lair:4   | Noticed a boulder beetle
 10540 | Lair:4   | 10540 ||| INVOKING Heroism.
 10541 | Lair:4   | 10541 ||| INVOKING Finesse.
 10550 | Lair:4   | Killed a boulder beetle
 10607 | Lair:4   | Found a frozen archway.
 10619 | Lair:4   | 10619 ||| Stepping ~*~*~tactically~*~*~ (outnumbered).
 10622 | Lair:4   | 10622 ||| Stepping ~*~*~tactically~*~*~ (outnumbered).
 10662 | Lair:4   | Noticed a skyshark
 10665 | Lair:4   | 10665 ||| INVOKING Heroism.
 10667 | Lair:4   | Killed a skyshark
 10784 | Lair:4   | Reached XP level 13. HP: 82/82 MP: 20/20
 10790 | Lair:4   | Found a staircase to the Slime Pits.
 10790 | Lair:4   | Found a viscous altar of Jiyva.
 10800 | Lair:4   | 10800 ||| INVOKING Heroism.
 10859 | Lair:4   | 10859 ||| INVOKING Heroism.
 10878 | Lair:4   | Found a runed translucent gate.
 10878 | Lair:4   | Found a runed translucent gate.
 10878 | Lair:4   | Found a runed translucent gate.
 10878 | Lair:4   | Noticed an azure jelly
 10878 | Lair:4   | Noticed an azure jelly
 10878 | Lair:4   | Noticed an acid blob
 10878 | Lair:4   | Noticed an azure jelly
 10878 | Lair:4   | Noticed an azure jelly
 10879 | Lair:4   | Found a viscous altar of Jiyva.
 10879 | Lair:4   | Noticed an azure jelly
 10879 | Lair:4   | Noticed an acid blob
 10879 | Lair:4   | Noticed qw's ghost (journeyman NaHu)
 10879 | Lair:4   | Noticed an acid blob
 10879 | Lair:4   | Noticed an azure jelly
 11043 | Lair:4   | 11043 ||| INVOKING Heroism.
 11044 | Lair:4   | 11044 ||| INVOKING Finesse.
 11052 | Lair:4   | Reached skill level 16 in Ranged Weapons
 11098 | Lair:4   | 11098 ||| INVOKING Heroism.
 11323 | Lair:4   | Noticed an azure jelly
 11436 | Lair:4   | 11436 ||| DROPPING amulet of guardian spirit.
 11437 | Lair:4   | 11437 ||| READING 3 scrolls of identify.
 11437 | Lair:4   | 11437 ||| IDENTIFYING emerald potion
 11438 | Lair:4   | 11438 ||| READING 2 scrolls of identify.
 11438 | Lair:4   | 11438 ||| IDENTIFYING blue potion
 11471 | Lair:5   | Entered Level 5 of the Lair of Beasts
 11472 | Lair:5   | 11472 ||| INVOKING Heroism.
 11565 | Lair:5   | 11565 ||| INVOKING Heroism.
 11569 | Lair:5   | Received a gift from Okawaru
 11569 | Lair:5   | Found the +27 heavy crossbow "Sniper" {heavy, Acc+∞ SInv}
 11578 | Lair:5   | 11578 ||| UPGRADING to +27 heavy crossbow "Sniper" {heavy,
                  | Acc+∞ SInv}.
 11585 | Lair:5   | 11585 ||| INVOKING Finesse.
 11595 | Lair:5   | 11595 ||| Stepping ~*~*~tactically~*~*~ (outnumbered).
 11831 | Lair:5   | Received a gift from Okawaru
 11903 | Lair:5   | 11903 ||| INVOKING Heroism.
 11915 | Lair:5   | 11915 ||| DROPPING amulet of the acrobat.
 11920 | Lair:5   | Reached skill level 17 in Ranged Weapons
 11937 | Lair:5   | 11937 ||| INVOKING Finesse.
 11949 | Lair:5   | Gained mutation: Your large and strong wings let you fly.
                  | [Gargoyle growth]
 11949 | Lair:5   | Reached XP level 14. HP: 90/90 MP: 17/21
 11976 | Lair:5   | 11976 ||| INVOKING Heroism.
 12316 | Lair:5   | Reached skill level 18 in Ranged Weapons
 12539 | Lair:5   | 12539 ||| PLANNING D:1-11
 12539 | Lair:5   | 12539 ||| DROPPING +0 robe of fire resistance.
 12540 | Lair:5   | 12540 ||| UPGRADING to +0 troll leather armour.
 12550 | Lair:5   | 12550 ||| DROPPING +3 leather armour.
 12551 | Lair:5   | 12551 ||| READING scroll labelled MOS IMUTRUGU.
 12728 | D:9      | Received a gift from Okawaru
 12873 | D:9      | Reached skill level 6 in Armour
 12882 | D:9      | 12882 ||| Stepping ~*~*~tactically~*~*~ (outnumbered).
 13066 | D:9      | 13066 ||| READING scroll labelled XYGIKHL GIODOG.
 13078 | D:9      | 13078 ||| Stepping ~*~*~tactically~*~*~ (outnumbered).
 13523 | D:9      | 13523 ||| READING 2 scrolls of identify.
 13523 | D:9      | 13523 ||| IDENTIFYING grey potion
 13557 | D:10     | Entered Level 10 of the Dungeon
 13588 | D:10     | 13588 ||| INVOKING Heroism.
 13589 | D:10     | 13589 ||| Stepping ~*~*~tactically~*~*~ (outnumbered).
 13591 | D:10     | 13591 ||| Stepping ~*~*~tactically~*~*~ (outnumbered).
 13629 | D:10     | Found a staircase to the Orcish Mines.
 13712 | D:10     | Identified the +3 long sword "Disitamn" {antimagic,
                  | *Corrode Str+3 Int+3 Stlth+}
 13778 | D:10     | Found a flagged portal.
 13991 | D:10     | 13991 ||| READING 2 scrolls of identify.
 13991 | D:10     | 13991 ||| IDENTIFYING coppery potion
 13992 | D:10     | 13992 ||| DROPPING potion of enlightenment.
 14021 | D:11     | 14021 ||| Stepping ~*~*~tactically~*~*~ (outnumbered).
 14025 | D:11     | Reached skill level 12 in Fighting
 14587 | D:11     | 14587 ||| PLANNING D
 14587 | D:11     | 14587 ||| READING scroll labelled ICZYOGUSHO.
 14998 | D:12     | 14998 ||| FLEEEEING.
 15077 | D:12     | 15077 ||| FLEEEEING.
 15078 | D:12     | 15078 ||| FLEEEEING.
 15079 | D:12     | 15079 ||| FLEEEEING.
 15457 | D:13     | Found Kig Vyc's Tremendous Tomes.
 15557 | D:13     | Identified the +6 triple sword "Calemm Namn" {freeze,
                  | Dex+3} (Okawaru gifted it to you on level 13 of the
                  | Dungeon)
 15557 | D:13     | Received a gift from Okawaru
 15559 | D:13     | 15559 ||| INVOKING Heroism.
 15604 | D:13     | 15604 ||| INVOKING Heroism.
 15964 | D:13     | 15964 ||| READING scroll labelled BIAR VYNGAWE.
 15965 | D:13     | 15965 ||| READING scroll labelled GURPHE QEAGANA.
 15966 | D:13     | 15966 ||| READING 2 scrolls of identify.
 15966 | D:13     | 15966 ||| IDENTIFYING fizzy blue potion
 16161 | D:14     | 16161 ||| INVOKING Heroism.
 16163 | D:14     | 16163 ||| Stepping ~*~*~tactically~*~*~ (outnumbered).
 16166 | D:14     | 16166 ||| INVOKING Finesse.
 16166 | D:14     | Identified the +0 rapier of the Hammering Hero {freeze,
                  | Str+4}
 16168 | D:14     | 16168 ||| Stepping ~*~*~tactically~*~*~ (outnumbered).
 16174 | D:14     | 16174 ||| Stepping ~*~*~tactically~*~*~ (outnumbered).
 16184 | D:14     | 16184 ||| Stepping ~*~*~tactically~*~*~ (outnumbered).
 16200 | D:14     | HP: 15/92 [deep elf pyromancer/bolt of fire (18)]
 16201 | D:14     | 16201 ||| READING 4 scrolls of teleportation.
 16202 | D:14     | 16202 ||| DRINKING 2 potions of heal wounds.
 16204 | D:14     | 16204 ||| DRINKING potion of heal wounds.
 16208 | D:14     | 16208 ||| Stepping ~*~*~tactically~*~*~ (outnumbered).
 16213 | D:14     | Identified the +1 robe of Ytij Syt {rPois rN+} (Okawaru
                  | gifted it to you on level 14 of the Dungeon)
 16213 | D:14     | Received a gift from Okawaru
 16214 | D:14     | Reached skill level 19 in Ranged Weapons
 16216 | D:14     | 16216 ||| INVOKING Heroism.
 16248 | D:14     | Reached XP level 15. HP: 96/96 MP: 22/22
 16328 | D:14     | Noticed Lodul
 16330 | D:14     | Killed Lodul
 16741 | D:14     | Found a gate to the Vaults.
 16784 | D:14     | 16784 ||| DROPPING +1 robe of Ytij Syt {rPois rN+}.
 16827 | D:15     | Entered Level 15 of the Dungeon
 16828 | D:15     | 16828 ||| PLANNING GAUNTLET
 16874 | D:15     | Reached skill level 9 in Dodging
 16880 | D:15     | Found a gate leading to a gauntlet.
 16891 | D:15     | 16891 ||| INVOKING Heroism.
 16903 | Gauntlet | Entered a Gauntlet
 16903 | Gauntlet | Found a transporter.
 16903 | Gauntlet | Found a transporter.
 16916 | Gauntlet | Found a transporter.
 16918 | Gauntlet | Found a transporter.
 16926 | Gauntlet | Found a transporter.
 16929 | Gauntlet | Found a transporter.
 16933 | Gauntlet | Found a runed translucent door.
 16937 | Gauntlet | Found a transporter.
 16947 | Gauntlet | Found a runed translucent door.
 16957 | Gauntlet | Found a transporter.
 16977 | Gauntlet | Found a transporter.
 16979 | Gauntlet | Found a transporter.
 16989 | Gauntlet | Found a transporter.
 16991 | Gauntlet | Found a transporter.
 17150 | Gauntlet | 17150 ||| INVOKING Heroism.
 17292 | D:15     | 17292 ||| PLANNING D
 17370 | D:15     | Found a staircase to the Depths.
 17443 | D:15     | Noticed Josephine
 17448 | D:15     | Killed Josephine
 17470 | D:15     | 17470 ||| INVOKING Heroism.
 17487 | D:15     | 17487 ||| READING scroll of enchant armour.
 17487 | D:15     | 17487 ||| ENCHANTING +1 pair of gloves.
 17607 | D:15     | 17607 ||| INVOKING Heroism.
 17854 | D:15     | 17854 ||| PLANNING ORC
 17950 | Orc:1    | Entered Level 1 of the Orcish Mines
 18140 | Orc:2    | Entered Level 2 of the Orcish Mines
 18208 | Orc:2    | Found Zaetomysm's Weapon Shop.
 18232 | Orc:2    | 18232 ||| INVOKING Heroism.
 18240 | Orc:2    | 18240 ||| INVOKING Finesse.
 18263 | Orc:2    | 18263 ||| INVOKING Heroism.
 18275 | Orc:2    | Reached skill level 20 in Ranged Weapons
 18313 | Orc:2    | Found Oxtiru Zimiu's Book Shop.
 18313 | Orc:2    | Found Nupnumer's Antique Armour Shop.
 18314 | Orc:2    | Found Miargh's Antique Weapon Boutique.
 18320 | Orc:2    | Found Elewuyha's Weapon Boutique.
 18324 | Orc:2    | 18324 ||| BUYING embroidered cloak (232 gold).
 18324 | Orc:2    | Bought an embroidered cloak for 232 gold pieces
 18324 | Orc:2    | 18324 ||| BUYING smoking robe (176 gold).
 18324 | Orc:2    | Bought a smoking robe for 176 gold pieces
 18324 | Orc:2    | Identified the +1 robe of Free Will {rF+} (You bought it in
                  | a shop on level 2 of the Orcish Mines)
 18345 | Orc:2    | 18345 ||| DROPPING +1 cloak.
 18368 | Orc:1    | 18368 ||| Stepping randomly (stuck).
 18405 | Orc:2    | 18405 ||| Stepping ~*~*~tactically~*~*~ (outnumbered).
 18407 | Orc:2    | 18407 ||| Stepping ~*~*~tactically~*~*~ (outnumbered).
 18409 | Orc:2    | 18409 ||| Stepping ~*~*~tactically~*~*~ (outnumbered).
 18614 | Orc:2    | Found a staircase to the Elven Halls.
 18904 | Orc:2    | Found an iron altar of Okawaru.
 19062 | Orc:2    | 19062 ||| PLANNING SPIDER:1-3
 19222 | Spider:1 | Entered Level 1 of the Spider Nest
 19226 | Spider:1 | Noticed a ghost moth
 19227 | Spider:1 | Killed a ghost moth
 19358 | Spider:1 | Noticed a ghost moth
 19361 | Spider:1 | Killed a ghost moth
 19481 | Spider:1 | 19481 ||| INVOKING Heroism.
 19486 | Spider:1 | 19486 ||| INVOKING Finesse.
 19488 | Spider:1 | 19488 ||| Stepping ~*~*~tactically~*~*~ (outnumbered).
 19492 | Spider:1 | Noticed a ghost moth
 19493 | Spider:1 | Killed a ghost moth
 19494 | Spider:1 | Identified the +5 plate armour of Gomeaneh {Int+2 Dex+4}
                  | (Okawaru gifted it to you on level 1 of the Spider Nest)
 19494 | Spider:1 | Received a gift from Okawaru
 19711 | Spider:1 | Reached XP level 16. HP: 106/106 MP: 23/23
 19913 | Spider:1 | 19913 ||| INVOKING Heroism.
 20284 | Spider:2 | 20284 ||| INVOKING Finesse.
 20301 | Spider:2 | 20301 ||| STAIRDANCE
 20303 | Spider:1 | 20303 ||| INVOKING Heroism.
 20427 | Spider:2 | 20427 ||| STAIRDANCE
 20427 | Spider:2 | Noticed Nikola
 20439 | Spider:2 | 20439 ||| INVOKING Heroism.
 20451 | Spider:2 | 20451 ||| STAIRDANCE
 20453 | Spider:1 | Killed Nikola
 20453 | Spider:1 | HP: 19/106 [disintegration (34)]
 20453 | Spider:1 | HP: 2/106 [culicivora (17)]
 20454 | Spider:1 | 20454 ||| READING 4 scrolls of teleportation.
 20457 | Spider:1 | Incinerated by a sun moth

Levels and vault maps discovered:
D:1:      nicolae_arrival_washed_ashore, layout_loops_cross
D:2:      layout_rooms, serial_shops, nicolae_shop_bloodbath_and_beyond,
          chequers_mini_garden
D:3:      layout_basic
D:4:      nicolae_cairo_tiling, layout_rooms, amcnicky_altar_gilded,
          serial_curves, eino_curves_04, eino_curves_02, eino_curves_01,
          eino_curves_01
D:5:      layout_basic, wad_floor_pattern_untrapped, grunt_ministairs_8
D:6:      layout_basic, minmay_temple_entry_enclosed_plants
D:7:      layout_basic, serial_shops, shop, grunt_ministairs_1
D:8:      layout_basic, due_lair_maze_entry_diamond,
          gammafunk_ghost_nasty_kobolds, grunt_ministairs_14,
          serial_bayou_ford_a, chequers_serial_rivers_micro_a
D:9:      layout_loops_ring, serial_co_window_serial, co_window_paths_b,
          co_window_paths_b, co_window_paths_b, co_window_paths_a,
          co_window_of_opportunity_a, co_window_paths_a, co_window_paths_a,
          co_window_paths_a, co_window_corner_a, co_window_2corner,
          co_window_broadway_c, co_window_corner_ca, co_window_paths_c,
          co_window_4corner_b, glass_columns_a, glass_columns_a
D:10:     layout_cave_pools, zombieorc2_lemuel, enter_bailey_2, serial_rivers,
          chequers_serial_rivers_micro_b, chequers_serial_rivers_micro_b,
          chequers_serial_rivers_micro_d, chequers_serial_rivers_micro_a
D:11:     layout_irregular_city
D:12:     minmay_goldmine, layout_basic
D:13:     layout_irregular_city, nicolae_shop_i_like_big_books
D:14:     layout_long_grid, hangedman_vaults_entry_quadrant_bands,
          nicolae_wwwww, uniq_lodul
D:15:     hangedman_depths_entry_try_elsewhere_first, layout_irregular_city,
          gauntlet_entry_generic, uniq_josephine
Temple:   mainiacjoe_temple_hex_bubbles
Lair:1:   layout_misc_corridors, grunt_megastairs_1
Lair:2:   layout_regular_city, nicolae_swamp_entry_splash_gauntlet
Lair:3:   layout_gridlike, spider_nest_entry_web_field
Lair:4:   layout_regular_city, nicolae_slime_entry_slimehenge,
          portal_ice_cave_entry_imps, gammafunk_ghost_ooze
Lair:5:   grunt_lair_end_beastmaster, layout_regular_city, patterned_corridor
Spider:1: layout_spider_delve
Spider:2: nicolae_spider_hilbert_zone_7 [nicolae_spider_hilbert_4_sides_1_open,
          nicolae_spider_hilbert_4_sides_1_open,
          nicolae_spider_hilbert_4_sides_1_open,
          nicolae_spider_hilbert_4_sides_1_open,
          nicolae_spider_hilbert_3_sides_1_open,
          nicolae_spider_hilbert_3_sides_1_open,
          nicolae_spider_hilbert_3_sides_1_open,
          nicolae_spider_hilbert_3_sides_1_open,
          nicolae_spider_hilbert_4_sides_1_open,
          nicolae_spider_hilbert_4_sides_1_open,
          nicolae_spider_hilbert_4_sides_1_open,
          nicolae_spider_hilbert_2_sides_1_open,
          nicolae_spider_hilbert_2_sides_1_open,
          nicolae_spider_hilbert_2_sides_1_open,
          nicolae_spider_hilbert_2_sides_1_open,
          nicolae_spider_hilbert_2_sides_1_open,
          nicolae_spider_hilbert_2_sides_1_open], worms_lemuel, uniq_roxanne,
          uniq_nikola
Orc:1:    layout_caves
Orc:2:    st_orc_mages, layout_caves, serial_shops, shop,
          david_defended_altar_orc

Skill      XL: |  1  2  3  4  5  6  7  8  9 10 11 12 13 14 15 |
---------------+----------------------------------------------+-----
Ranged Weapons | 5 6 7 8 9 10 12 14 15 17 19 20 | 20.8
Fighting       | 3 4 6 7 8 9 10 11 12 14 | 14.0
Armour         | 1 2 4 5 7 8 |  8.0
Dodging        | 2 3 4 5 6 7 8 9 |  9.0
Invocations    | 4 7 10 | 10.0
Stealth        | |  1.1

Action                     |  1- 3 |  4- 6 |  7- 9 | 10-12 | 13-15 | 16-18 || total
---------------------------+-------+-------+-------+-------+-------+-------++-------
   Fire: Shortbow          |    97 |   131 |    33 |       |       |       ||   261
         Arbalest          |       |       |   169 |   405 |    94 |       ||   668
         Heavy crossbow    |       |       |       |       |   542 |    47 ||   589
 Invoke: Heroism           |       |       |     4 |    21 |    20 |     3 ||    48
         Finesse           |       |       |       |     2 |     6 |     1 ||     9
    Use: Scroll            |     2 |     4 |     7 |     6 |    12 |     1 ||    32
         Potion            |       |     1 |       |     5 |     2 |       ||     8
 Armour: Leather armour    |    21 |       |    38 |   156 |    21 |       ||   236
         Ring mail         |       |    68 |    21 |       |       |       ||    89
         Troll leather arm |       |       |       |       |   151 |    69 ||   220
  Dodge: Dodged            |    25 |    48 |    77 |   380 |   474 |   131 ||  1135

Table legend:
 A = Non-vault XP
 B = Vault XP
 C = Vault XP percentage of total XP
 D = Non-vault monster count
 E = Vault monster count
 F = Vault count percentage of total count
                 A         B        C        D         E       F
            +---------+---------+-------+---------+---------+-------
      Total |  102208 |   41332 |  28.8 |     493 |     207 |  29.6
            +---------+---------+-------+---------+---------+-------
        D:1 |      34 |       0 |   0.0 |      20 |       0 |   0.0
        D:2 |      80 |       0 |   0.0 |      18 |       0 |   0.0
        D:3 |      92 |       0 |   0.0 |      16 |       0 |   0.0
        D:4 |     204 |       0 |   0.0 |      20 |       0 |   0.0
        D:5 |     208 |      97 |  31.8 |       3 |       2 |  40.0
        D:6 |     827 |       0 |   0.0 |      18 |       0 |   0.0
        D:7 |     579 |      50 |   7.9 |       4 |       6 |  60.0
        D:8 |    2332 |    1534 |  39.7 |      14 |      11 |  44.0
        D:9 |    3202 |       0 |   0.0 |      30 |       0 |   0.0
       D:10 |    1949 |    1121 |  36.5 |      18 |      36 |  66.7
       D:11 |    2279 |       0 |   0.0 |      15 |       0 |   0.0
       D:12 |    3968 |     329 |   7.7 |      18 |      11 |  37.9
       D:13 |    4582 |       0 |   0.0 |      13 |       0 |   0.0
       D:14 |    6864 |    7765 |  53.1 |      16 |      26 |  61.9
       D:15 |   10791 |    3902 |  26.6 |      29 |       8 |  21.6
     Lair:1 |    4988 |    2014 |  28.8 |      22 |       9 |  29.0
     Lair:2 |    4733 |    1439 |  23.3 |      24 |       3 |  11.1
     Lair:3 |   10099 |       0 |   0.0 |      34 |       0 |   0.0
     Lair:4 |    6503 |     295 |   4.3 |      18 |      16 |  47.1
     Lair:5 |   13174 |    9268 |  41.3 |      37 |      18 |  32.7
   Spider:1 |   16269 |    2564 |  13.6 |      34 |       2 |   5.6
   Spider:2 |    3863 |    2074 |  34.9 |       9 |       2 |  18.2
      Orc:1 |    1988 |       0 |   0.0 |      30 |       0 |   0.0
      Orc:2 |    2600 |    5731 |  68.8 |      33 |      44 |  57.1
   Gauntlet |       0 |    3149 | 100.0 |       0 |      13 | 100.0
            +---------+---------+-------+---------+---------+-------
